Map: Romanticide LE

Players

HellraiseR

  • Race: Protoss Protoss
  • League: Grandmaster

LiquidMaNa (MaNa) - Winner!

  • Race: Protoss Protoss
  • League: Grandmaster

Event: DreamHack SC2 Masters 2021 Summer

VOD

Have the link to the VOD?

Description

Time

  • Played on: May 22, 2021, 11:33 a.m.
  • Length: 7:38

All games in this series

Show
View Real Time Build Order
Export as new Build Order

HellraiseR Protoss 

Build Orders: Dark Templar Rush 

Get SALT Encoding   

  12  0:00  Probe  
  13  0:13  Probe  
  14  0:21  Pylon  
  14  0:25  Probe (Chrono Boost)  
  15  0:39  Gateway  
  15  0:41  Probe (Chrono Boost)  
  16  0:45  Probe (Chrono Boost)  
  16  0:49  Assimilator  
  17  0:56  Probe (Chrono Boost)  
  18  0:57  Assimilator  
  18  1:08  Probe (Chrono Boost)  
  19  1:12  Gateway  
  19  1:15  Probe (Chrono Boost)  
  20  1:22  Probe  
  21  1:26  Cybernetics Core  
  21  1:34  Probe  
  21  1:39  Pylon  
  22  1:46  Probe  
  23  1:59  Probe  
  23  2:00  Warp Gate (Chrono Boost)  
  24  2:03  Adept x2  
  28  2:11  Probe  
  28  2:13  Pylon  
  29  2:26  Pylon  
  29  2:33  Adept x2  
  33  2:44  Twilight Council  
  33  3:03  Adept x2  
  37  3:10  Pylon  
  37  3:20  Dark Shrine  
  37  3:30  Nexus  
  37  3:36  Shield Battery  
  37  3:44  Adept  
  37  3:46  Adept  
  41  4:01  Pylon  
  41  4:08  Sentry  
  41  4:09  Sentry  
  45  4:15  Shield Battery  
  45  4:16  Shield Battery  
  45  4:25  Pylon, Shield Battery  
  45  4:32  Dark Templar  
  45  4:47  Pylon  
  45  4:57  Pylon  
  45  5:04  Pylon  
  45  5:06  Stalker  
  39  5:21  Probe  
  28  5:32  Probe  
  28  5:34  Pylon  
  28  5:35  Probe  
  22  6:05  Probe  
  23  6:12  Stalker  
  23  6:13  Stalker  
  25  6:26  Probe  
  24  6:37  Stalker  
  24  6:38  Probe  
  24  6:39  Stalker  
  17  6:59  Probe (Chrono Boost)  
  19  7:08  Probe (Chrono Boost)  
  19  7:15  Probe  
Show
View Real Time Build Order
Export as new Build Order

LiquidMaNa Protoss - Winner!

Build Orders:  

Get SALT Encoding   

  12  0:00  Probe  
  13  0:12  Probe  
  14  0:17  Pylon  
  14  0:24  Probe (Chrono Boost)  
  15  0:36  Probe (Chrono Boost), Gateway  
  16  0:44  Probe (Chrono Boost)  
  16  0:46  Assimilator  
  17  0:50  Probe  
  18  1:03  Probe (Chrono Boost)  
  19  1:04  Assimilator  
  20  1:12  Probe (Chrono Boost), Gateway  
  20  1:17  Probe (Chrono Boost)  
  20  1:25  Cybernetics Core  
  21  1:29  Probe  
  22  1:35  Pylon  
  22  1:41  Probe  
  24  2:01  Warp Gate (Chrono Boost)  
  24  2:02  Stalker  
  24  2:03  Stalker  
  28  2:12  Pylon  
  27  2:30  Robotics Facility  
  27  2:34  Stalker  
  31  2:41  Gateway, Stalker  
  31  2:55  Pylon  
  31  2:59  Shield Battery  
  31  3:04  Stalker  
  33  3:11  Stalker  
  35  3:22  Warp Prism (Chrono Boost)  
  37  3:49  Stalker x3  
  43  3:57  Observer  
  43  4:02  Pylon  
  44  4:16  Pylon  
  44  4:28  Stalker  
  44  4:34  Stalker  
  44  4:35  Stalker  
  44  4:40  Observer (Chrono Boost)  
  28  6:07  Probe  
  28  6:09  Stalker x2  
  28  6:10  Zealot  
  35  6:22  Probe  
  34  6:45  Probe  
  27  6:57  Stalker x3  
  27  6:58  Probe  
  34  7:20  Stalker x2  
  34  7:21  Stalker  
Tags
 
Add a new tag
Caveats
  • Supply blocks, unpowered buildings, or Contaminate may cause inaccurate times.
  • Supply counts are checked every 10 seconds.